 Dungeon Crawl Stone Soup version 0.29.1-2-gbd0b4ee654 (webtiles) character file.

Game seed: 6729560825708207888

146788 eightlis the Executioner (level 16, -53/155 HPs)
             Began as a Minotaur Berserker on Nov 13, 2022.
             Was a High Priest of Trog.
             Blown up by an orb spider (71 damage)
             ... with an orb of destruction
             ... on level 4 of the Spider Nest on Nov 14, 2022.
             The game lasted 00:56:07 (40256 turns).

eightlis the Executioner (Minotaur Berserker)      Turns: 40256, Time: 00:56:07

Health: -53/155    AC: 24    Str: 28    XL:     16   Next: 90%
Magic:  4/15       EV: 19    Int:  4    God:    Trog [*****.]
Gold:   1633       SH:  5    Dex: 12    Spells: 15/15 levels left

rFire   . . .      SeeInvis .   d - +4 executioner's axe (freeze)
rCold   . . .      Faith    .   (shield currently unavailable)
rNeg    . . .      Spirit   .   y - +0 plate armour
rPois   .          Reflect  +   D - +0 hat
rElec   .          Harm     .   B - +1 cloak {rCorr}
rCorr   +          Rampage  .   h - +1 pair of gloves {infuse}
Will    +....                   s - +0 pair of boots
Stlth   ..........              K - amulet of reflection
HPRegen 0.35/turn               n - +4 ring of evasion
MPRegen 0.14/turn               a - +4 ring of evasion

@: on berserk cooldown, slowed, very slow
A: horns 2, retaliatory headbutt, talons 2
a: Renounce Religion, Berserk, Trog's Hand, Brothers in Arms


You were on level 4 of the Spider Nest.
You worshipped Trog.
Trog was extremely pleased with you.
You visited 4 branches of the dungeon, and saw 25 of its levels.

You collected 2122 gold pieces.
You spent 489 gold pieces at shops.

Inventory:

Hand Weapons
 d - a +4 executioner's axe of freezing (weapon)
 z - the +8 trishula "Condemnation" {holy, anguish, *Noise Fly rN+}
   (You found it on level 5 of the Lair of Beasts)

   It has been blessed by the Shining One to cause great damage to the undead
   and demons.
   It inflicts anguish, making its victims' attacks reflect back on them.
   rN:        It protects you from negative energy.
   Fly:       It grants you flight.
   *Noise:    It may make noises in combat.
 C - a +3 battleaxe of protection
 Y - a +5 vorpal battleaxe
Armour
 h - a +1 pair of gloves of infusion (worn)
 s - a +0 pair of boots (worn)
 y - a +0 plate armour (worn)
 B - a +1 cloak of preservation (worn)
 D - a +0 hat (worn)
Jewellery
 a - a +4 ring of evasion (right hand)
 j - a +4 ring of protection
 n - a +4 ring of evasion (left hand)
 x - a +4 ring of protection
 K - an amulet of reflection (around neck)
 O - the ring of Light {rElec Str+4 Int+6}
   (You found it on level 1 of the Spider Nest)

   [ring of intelligence]

   Str:       It affects your strength (+4).
   Int:       It affects your intelligence (+6).
   rElec:     It insulates you from electricity.
Wands
 b - a wand of polymorph (3)
 p - a wand of iceblast (22)
 v - a wand of light (20) (quivered)
 A - a wand of flame (41)
 X - a wand of charming (20)
Scrolls
 e - 2 scrolls of summoning
 g - 3 scrolls of teleportation
 i - 5 scrolls of vulnerability
 k - a scroll of fog
 l - 9 scrolls of amnesia
 q - 3 scrolls of noise
 t - 4 scrolls of poison
 u - 2 scrolls of fear
 F - 4 scrolls of immolation
 H - 6 scrolls of identify
 I - a scroll of enchant weapon
 S - 4 scrolls of enchant armour
 U - 4 scrolls of magic mapping
 V - 2 scrolls of brand weapon
Potions
 c - 9 potions of curing
 f - a potion of magic
 m - 2 potions of lignification
 o - 6 potions of berserk rage
 r - a potion of haste
 w - a potion of brilliance
 G - 2 potions of resistance
 J - 3 potions of attraction
 L - 3 potions of cancellation
 N - 2 potions of flight
 P - 2 potions of heal wounds
 Q - a potion of mutation
 R - 3 potions of ambrosia
 T - 3 potions of invisibility
 W - 4 potions of degeneration
 Z - 2 potions of might
Miscellaneous
 E - a phial of floods
 M - a piece from Xom's chessboard (15/15)


   Skills:
 + Level 17.3 Fighting
 + Level 24.4 Axes
 + Level 16.3 Armour
 + Level 8.0 Dodging
 + Level 4.2 Stealth
 + Level 9.2 Shields
 + Level 2.3 Evocations


You had 15 spell levels left.
You didn't know any spells.
Your spell library was empty.

Dungeon Overview and Level Annotations

Branches:
Dungeon (15/15)            Temple (0/1) D:5            Lair (5/5) D:11
  Swamp (0/4) Lair:3       Spider (4/4) Lair:2        Slime (1/5) Lair:4
    Orc (0/2) D:11         Vaults (0/5) D:13         Depths (0/4) D:15

Altars:
Ashenzari
Cheibriados
Dithmenos
Elyvilon
Fedhas
Gozag
Hepliaklqana
Kikubaaqudgha
Makhleb
Nemelex Xobeh
Okawaru
Qazlal
Ru
Sif Muna
Trog
Uskayaw
Vehumet
Xom
Yredelemnul
Zin
The Shining One

Shops:
D:9 =   D:15 ::*:

Annotations:
D:13 1 runed translucent door


Innate Abilities, Weirdness & Mutations

You have a pair of horns on your head.
You reflexively headbutt those who attack you in melee.
You have razor-sharp toenails.


Message History

There are monsters nearby!
There are monsters nearby!
There are monsters nearby!
There are monsters nearby!
There are monsters nearby!
The orb spider spins a strand of pure energy.
The orb spider weaves a glowing orb of energy.
An orb of destruction comes into view.
A red film seems to cover your vision as you go berserk!
You feel yourself moving faster!
You feel mighty!
The orb spider begins to weave its threads into a brightly glowing ball.
The orb spider weaves a glowing orb of energy. x2 2 orbs of destruction come into view.
You feel a strong urge to attack something.
The orb of destruction hits you!!!
The orb spider begins to weave its threads into a brightly glowing ball.
Why would you want to do that? Why would you want to do that?
The orb of destruction hits you!!!
The orb spider begins to weave its threads into a brightly glowing ball.
You feel your anger nearly subside.
Found 2 poisoned darts.
You are no longer berserk.
You are exhausted.
You feel yourself slow down. The orb of destruction hits you!!!
* * * LOW HITPOINT WARNING * * *
The orb spider spins a strand of pure energy.
The orb spider weaves a glowing orb of energy. x2
The orb spider spins a strand of pure energy. 2 orbs of destruction come into view.
The orb fizzles.
The orb spider weaves a glowing orb of energy.
The orb spider pulsates with a strange energy.
The orb spider spins a strand of pure energy.
The orb spider weaves a glowing orb of energy. 2 orbs of destruction come into view.
The orb of destruction hits a rock wall.
There is a stone staircase leading up here.
The orb of destruction hits you!!!
You die...

.........^.........†..........
#....!.........^.†††..........
#####..............†.^.......
####.........#...........
##...##...###........^
#.^...^...^#^........
#....................
#^?....^.....^......
#.^...@...^..≈......
.(.....≈☼.≈#.≈[.≈....
.........○○..≈...#..)
........^#°≈≈≈....#..
.........○≈○≈≈≈...^..
...#..#..°≈sss≈≈≈≈≈.
......#..°≈.#s...≈≈.
...#.^...≈s.#..#.≈≈.
.##....≈≈.......≈..


You could see 5 orb spiders.

Vanquished Creatures
  Nikola (Spider:3)
  Rupert (D:15)
  A lich (D:14)
  Kirke (D:15)
  A storm dragon (D:13)
  Roxanne (Spider:2)
  A frost giant (D:13)
  A ghost moth (Spider:1)
  2 emperor scorpions
  The ghost of Tommers the Thaumaturge, a journeyman DjFE of Makhleb (Spider:1)
  Azrael (Spider:2)
  4 spark wasps
  The ghost of Garym the Fighter, a journeyman MiBe of Trog (D:14)
  3 entropy weavers
  Josephine (Lair:4)
  10 hydras
  A jorogumo (Spider:2)
  8 vault guards
  3 radroaches
  3 centaur warriors
  4 merfolk aquamancers (D:14)
  8 boulder beetles
  A catoblepas (Lair:5)
  4 two-headed ogres
  The ghost of t4s4d4r the Destroyer, a novice DgCj (D:9)
  A death yak (Lair:5)
  Amaemon (D:11)
  3 pharaoh ants
  A skeletal warrior (D:14)
  A goliath frog (Lair:5)
  2 sun moths
  5 orb spiders
  A steelbarb worm (Spider:1)
  A deep elf zephyrmancer (D:15)
  2 wizards
  11 wolf spiders
  2 deep elf pyromancers
  A phantasmal warrior (D:13)
  10 ugly things
  5 oklob plants (Lair:4)
  2 necromancers
  4 manticores
  4 cyclopes
  A moth of wrath (shapeshifter) (D:14)
  13 elephants
  3 moths of wrath
  A centaur zombie (D:15)
  Maurice (D:8)
  2 torpor snails
  Maggie (Lair:1)
  A naga mage (D:15)
  6 orange demons
  2 black mambas
  4 gargoyles
  A centaur skeleton (D:15)
  2 kobold demonologists
  20 cane toads
  4 rime drakes
  9 komodo dragons
  2 demonic crawlers
  2 freezing wraiths (D:15)
  2 burning bushes (Lair:2)
  2 trolls
  3 red devils (D:10)
  3 meliai (D:14)
  4 tyrant leeches
  3 polar bears
  14 tarantellas
  21 blink frogs
  3 slime creatures (D:13)
  11 dream sheep
  15 culicivoras
  22 jumping spiders
  A centaur simulacrum (D:13)
  A shadow (D:9)
  2 wyverns
  3 vampires
  70 yaks
  A water elemental (D:14)
  6 wraiths
  5 fire elementals (Spider:2)
  5 basilisks
  35 redbacks
  3 steam dragons
  6 hogs (D:15)
  8 vampire mosquitoes
  2 swamp worms (Lair:3)
  A hell hound (Spider:2)
  17 water moccasins
  A sky beast (D:7)
  2 ice beasts (D:7)
  2 orc warriors
  11 wolves
  4 black bears
  4 ogres
  8 centaurs
  5 kobold brigands
  3 phantoms
  6 gnoll sergeants
  18 bullfrogs
  2 necrophages
  A wyvern zombie (D:9)
  A hornet simulacrum (D:15)
  3 scorpions
  14 wights
  14 killer bees
  2 electric eels
  4 howler monkeys
  2 hounds
  8 orc priests
  Jessica (D:2)
  5 iguanas
  6 orc wizards
  A killer bee zombie (D:9)
  A boggart simulacrum (D:13)
  18 gnolls
  5 adders
  3 white imps
  2 ufetubi
  A worm (D:2)
  A dart slug (D:2)
  44 orcs
  2 ball pythons
  4 giant cockroaches
  5 goblins
  5 hobgoblins
  7 jackals
  18 kobolds
  7 quokkas
  3 bats
  A frilled lizard (D:2)
  7 rats
727 creatures vanquished.

Vanquished Creatures (collateral kills)
  A hydra (D:12)
  A cyclops (D:13)
2 creatures vanquished.

Vanquished Creatures (others)
  An orc warrior (D:7)
  2 bullfrogs (D:7)
  2 orc priests (D:7)
  An orc wizard (D:7)
  A gnoll (D:9)
  2 orcs (D:7)
  35 fungi
  98 plants
142 creatures vanquished.

Grand Total: 871 creatures vanquished

Notes
Turn   | Place    | Note
-------+----------+-------------------------------------------
     0 | D:1      | eightlis the Minotaur Berserker began the quest for the
                  | Orb.
     0 | D:1      | Reached XP level 1. HP: 19/19 MP: 0/0
   138 | D:1      | Found a faded altar of an unknown god.
   504 | D:1      | Reached XP level 2. HP: 27/27 MP: 1/1
  1398 | D:2      | Reached skill level 4 in Axes
  1665 | D:2      | Reached XP level 3. HP: 16/34 MP: 2/2
  1958 | D:2      | Reached XP level 4. HP: 41/41 MP: 3/3
  2313 | D:2      | Noticed Jessica
  2324 | D:2      | Killed Jessica
  2325 | D:2      | Reached skill level 5 in Axes
  2839 | D:3      | Identified the +8 spear "Zocoruho" {freeze, *Slow Int+4
                  | Dex+4 SInv}
  2936 | D:3      | Identified the +4 chain mail of Heriogar {+Inv Str+2 Int+4}
  3087 | D:3      | Found a bloodstained altar of Trog.
  3171 | D:3      | Reached ** piety under Trog
  3492 | D:4      | Reached XP level 5. HP: 30/47 MP: 4/4
  3639 | D:4      | Noticed a phantom
  3653 | D:4      | Killed a phantom
  3654 | D:4      | Reached skill level 5 in Fighting
  3897 | D:4      | Found a burning altar of Makhleb.
  3971 | D:4      | Reached skill level 6 in Axes
  3971 | D:4      | Reached skill level 1 in Stealth
  3971 | D:4      | Reached XP level 6. HP: 48/56 MP: 5/5
  4055 | D:4      | Found a blossoming altar of Fedhas.
  4536 | D:5      | Entered Level 5 of the Dungeon
  4545 | D:5      | Found a broken altar of Ashenzari.
  4557 | D:5      | Noticed a water moccasin
  4566 | D:5      | Killed a water moccasin
  4567 | D:5      | Reached XP level 7. HP: 6/62 MP: 6/6
  4568 | D:5      | HP: 4/93 [poisoned by a water moccasin]
  4945 | D:5      | Reached skill level 7 in Axes
  4961 | D:5      | Found a staircase to the Ecumenical Temple.
  5154 | D:5      | Reached skill level 8 in Axes
  5211 | D:5      | Identified the +0 scale mail of Subjectivity {rF- rC+++
                  | rCorr Dex-4}
  5327 | D:5      | Found a glowing golden altar of the Shining One.
  5591 | D:6      | Reached XP level 8. HP: 71/71 MP: 7/7
  5691 | D:6      | Found a snail-covered altar of Cheibriados.
  5743 | D:6      | Reached skill level 9 in Axes
  5743 | D:6      | Reached skill level 5 in Dodging
  6321 | D:6      | Gained mutation: Your mind is acute. (Int +4, Str/Dex -1)
                  | [potion of mutation]
  6321 | D:6      | Gained mutation: You do not regenerate when monsters are
                  | visible. [potion of mutation]
  6321 | D:6      | Gained mutation: You expend magic power (3 MP) to
                  | strengthen your wands. [potion of mutation]
  6323 | D:6      | Lost mutation: You expend magic power (3 MP) to strengthen
                  | your wands. [potion of mutation]
  6323 | D:6      | Lost mutation: Your mind is acute. (Int +4, Str/Dex -1)
                  | [potion of mutation]
  6323 | D:6      | Lost mutation: You do not regenerate when monsters are
                  | visible. [potion of mutation]
  6323 | D:6      | Gained mutation: You have sharp toenails. [potion of
                  | mutation]
  6323 | D:6      | Gained mutation: You have razor-sharp toenails. [potion of
                  | mutation]
  6628 | D:7      | Found a shadowy altar of Dithmenos.
  6668 | D:7      | Found a glowing silver altar of Zin.
  6682 | D:7      | Found a white marble altar of Elyvilon.
  6683 | D:7      | Found a hazy altar of Hepliaklqana.
  6691 | D:7      | Reached *** piety under Trog
  6716 | D:7      | Reached skill level 10 in Axes
  6929 | D:7      | Found an iron altar of Okawaru.
  6972 | D:7      | Found a radiant altar of Vehumet.
  7122 | D:7      | Found a shimmering altar of Xom.
  7179 | D:7      | Reached skill level 5 in Armour
  7179 | D:7      | Reached XP level 9. HP: 81/81 MP: 1/8
  7181 | D:7      | Reached skill level 1 in Evocations
  7188 | D:7      | Reached skill level 11 in Axes
  7651 | D:7      | Reached **** piety under Trog
  7796 | D:7      | Found a sparkling altar of Nemelex Xobeh.
  7796 | D:7      | Found an opulent altar of Gozag.
  7827 | D:7      | Found a hide-covered altar of Uskayaw.
  7828 | D:7      | Found a sacrificial altar of Ru.
  7868 | D:7      | Found an ancient bone altar of Kikubaaqudgha.
  7869 | D:7      | Found a shimmering blue altar of Sif Muna.
  8008 | D:8      | Reached skill level 12 in Axes
  8135 | D:8      | Reached XP level 10. HP: 90/90 MP: 0/9
  8144 | D:8      | Reached skill level 13 in Axes
  8672 | D:8      | Found a stormy altar of Qazlal.
  8806 | D:8      | Noticed Maurice
  8842 | D:8      | Killed Maurice
  9335 | D:9      | Found a runed translucent gate.
  9335 | D:9      | Found a runed translucent gate.
  9335 | D:9      | Found a runed translucent gate.
  9335 | D:9      | Noticed t4s4d4r's ghost (novice DgCj)
  9337 | D:9      | Found a basalt altar of Yredelemnul.
  9365 | D:9      | Killed t4s4d4r's ghost
  9366 | D:9      | Reached skill level 14 in Axes
 10070 | D:9      | Found Ynwasmil's Jewellery Shop.
 10074 | D:9      | Bought an amulet of reflection for 420 gold pieces
 10255 | D:10     | Entered Level 10 of the Dungeon
 10327 | D:10     | Noticed an orange demon
 10327 | D:10     | Noticed an orange demon
 10328 | D:10     | Noticed an orange demon
 10335 | D:10     | Killed an orange demon
 10339 | D:10     | Reached skill level 15 in Axes
 10340 | D:10     | Killed an orange demon
 10341 | D:10     | Reached XP level 11. HP: 97/97 MP: 0/10
 10554 | D:10     | Reached skill level 10 in Fighting
 10554 | D:10     | Reached XP level 12. HP: 107/107 MP: 11/11
 10630 | D:10     | Reached ***** piety under Trog
 11175 | D:10     | Reached skill level 10 in Armour
 11195 | D:10     | Reached skill level 16 in Axes
 11632 | D:11     | Noticed a boulder beetle
 11642 | D:11     | Killed a boulder beetle
 11831 | D:11     | Noticed a five-headed hydra
 11840 | D:11     | Killed a 12-headed hydra
 12170 | D:11     | Identified the +4 ring mail of the Shore {Fly rPois Str-4
                  | Stlth+}
 12247 | D:11     | Found a staircase to the Orcish Mines.
 12263 | D:11     | Reached skill level 17 in Axes
 12461 | D:11     | Found a staircase to the Lair.
 12473 | D:11     | Noticed Amaemon
 12487 | D:11     | Killed Amaemon
 12700 | D:12     | Noticed a two-headed ogre
 12709 | D:12     | Killed a two-headed ogre
 12710 | D:12     | Reached skill level 5 in Shields
 13049 | D:12     | Noticed a boulder beetle
 13060 | D:12     | Killed a boulder beetle
 13061 | D:12     | Reached XP level 13. HP: 88/117 MP: 4/12
 13171 | D:12     | Reached skill level 18 in Axes
 13785 | D:12     | Identified a scroll of acquirement
 13787 | D:12     | Acquired a +4 ring of evasion
 14448 | D:13     | Found a runed translucent door.
 14464 | D:13     | Received a gift from Trog
 14617 | D:13     | Found a runed translucent door.
 14620 | D:13     | Noticed a frost giant
 14621 | D:13     | Noticed a lich
 14621 | D:13     | Noticed a storm dragon
 14623 | D:13     | Noticed Garym's ghost (journeyman MiBe)
 14829 | D:13     | Identified the +1 war axe of the Shark {speed, rC+ Int+3}
 15234 | D:13     | Found a gate to the Vaults.
 15297 | D:12     | Reached skill level 19 in Axes
 16170 | D:13     | Killed a storm dragon
 17282 | D:14     | Killed a lich
 17406 | D:14     | Reached XP level 14. HP: 92/129 MP: 10/13
 17452 | D:14     | HP: 1/129 [meliai/divine providence (12)]
 18135 | D:14     | Received a gift from Trog
 18228 | D:14     | Acquired a +1 executioner's axe of freezing
 18948 | D:14     | Killed Garym's ghost
 19453 | D:13     | Reached skill level 20 in Axes
 19468 | D:13     | Killed a frost giant
 20072 | D:15     | Entered Level 15 of the Dungeon
 20153 | D:15     | Found Keepn's Assorted Antiques.
 20161 | D:15     | Bought a scroll of identify for 48 gold pieces
 20161 | D:15     | Bought a metallic dark potion for 21 gold pieces
 20199 | D:15     | Found Lyegyef's Book Boutique.
 20249 | D:15     | Noticed Kirke
 20270 | D:15     | Killed Kirke
 20965 | D:15     | Found a staircase to the Depths.
 21250 | D:15     | Found Olyucauf's Book Boutique.
 21313 | D:15     | Noticed Rupert
 21322 | D:15     | Killed Rupert
 21465 | D:15     | Found a sparkling altar of Nemelex Xobeh.
 21565 | D:15     | Found Jentuar's Book Boutique.
 22524 | Lair:1   | Entered Level 1 of the Lair of Beasts
 22631 | Lair:1   | Noticed Maggie
 22647 | Lair:1   | Killed Maggie
 24115 | Lair:2   | Reached skill level 21 in Axes
 24801 | Lair:2   | Found a hole to the Spider Nest.
 25092 | Spider:1 | Entered Level 1 of the Spider Nest
 25546 | Lair:3   | Reached XP level 15. HP: 139/139 MP: 12/14
 26197 | Lair:3   | You fall into a shaft and drop 1 floor!
 26221 | Lair:4   | Noticed Josephine
 26233 | Lair:4   | Killed Josephine
 26566 | Lair:3   | Identified the +6 falchion of Uncomfortable Rashes {vorpal,
                  | rPois Str-3 Int+2}
 26693 | Lair:3   | Reached skill level 15 in Fighting
 26695 | Lair:3   | Reached skill level 22 in Axes
 26695 | Lair:3   | Found a staircase to the Swamp.
 29243 | Lair:4   | Found a staircase to the Slime Pits.
 29938 | Slime:1  | Entered Level 1 of the Pits of Slime
 30252 | Lair:5   | Entered Level 5 of the Lair of Beasts
 30381 | Lair:5   | Received a gift from Trog
 30528 | Lair:5   | Reached skill level 15 in Armour
 31130 | Lair:5   | Reached skill level 23 in Axes
 31638 | Lair:5   | Found the +8 trishula "Condemnation" {holy, anguish, *Noise
                  | Fly rN+}
 32191 | Lair:5   | Found an opulent altar of Gozag.
 32909 | Lair:4   | You fall into a shaft and drop 1 floor!
 33304 | Spider:1 | Reached XP level 16. HP: 151/151 MP: 13/15
 33658 | Spider:1 | Identified the ring of Light {rElec Str+4 Int+6}
 34011 | Spider:1 | Reached ****** piety under Trog
 34656 | Spider:1 | Found a runed translucent door.
 34662 | Spider:1 | Noticed Tommers's ghost (journeyman DjFE)
 34770 | Spider:1 | Killed Tommers's ghost
 35411 | Spider:2 | Received a gift from Trog
 35417 | Spider:2 | Noticed Azrael
 35436 | Spider:2 | Killed Azrael
 36759 | Spider:2 | Reached skill level 24 in Axes
 36762 | Spider:2 | Noticed Roxanne
 37079 | Spider:2 | Killed Roxanne
 37481 | Spider:3 | Received a gift from Trog
 38993 | Spider:3 | Noticed Nikola
 39003 | Spider:3 | Killed Nikola
 39687 | Spider:4 | Entered Level 4 of the Spider Nest
 40256 | Spider:4 | Blown up by an orb spider

Illustrated notes

Levels and vault maps discovered:
D:1:      onia_arrival_mini_maze, layout_loops_corners, serial_aquarium,
          aquarium_bridge_square [aquarium_subvault_wall,
          aquarium_subvault_wall, aquarium_subvault_bridge,
          aquarium_subvault_bridge], aquarium_bridge_square
          [aquarium_subvault_bridge, aquarium_subvault_window,
          aquarium_subvault_bridge, aquarium_subvault_window],
          aquarium_window_corridor_3, aquarium_window_1, aquarium_view_2c,
          aquarium_balcony_3b, ebering_ecumenical_altar_rust, st_stairs_13
D:2:      layout_loops_corners, kennysheep_jessica_study
D:3:      layout_rooms, trog_butcher_becter
D:4:      layout_cave_pods, bloody_makhleb, fedhas_altar_1
D:5:      layout_rooms, mainiacjoe_overflow_boulevard, ashenzari_altar_1,
          minmay_temple_entry_statues_fountains
D:6:      layout_cave_pools, mainiacjoe_overflow_tiny_flanked
D:7:      layout_loops_ring, grunt_temple_overflow_opulence,
          mainiacjoe_overflow_brackets, xom_confusion_cloud,
          mainiacjoe_overflow_catwalk, minitemple,
          nicolae_overflow_crystal_walls, lemuel_doored_altar,
          minmay_fractal_squares_diagonal_5
D:8:      layout_rooms, amcnicky_altar_gilded, uniq_maurice
D:9:      layout_long_grid, nicolae_yredelemnul_ghost_church, serial_shops,
          shop, minmay_holes, minmay_stone_trees_medium
D:10:     layout_cave_pools, minmay_beelzebubs_servants
D:11:     layout_roguey, lair_entry_dummy,
          kennysheep_orc_monster_closet_entryway, hex_tiny, uniq_amaemon
D:12:     layout_layer_cave, st_stairs_13
D:13:     layout_loops_ring, erik_vaults_2, muffindrake_ghost_dual_entry,
          kennysheep_just_a_vault
D:14:     layout_loops_ring, nicolae_BIG_FREAKIN_CUBE, gauntlet_entry_generic,
          nicolae_splish_splash
D:15:     grunt_enter_depths_magical_seal, layout_layer_cave,
          nemelex_lonely_heart_becter, serial_shops, nicolae_shop_statue_plus,
          shop_fountains, shop_fountains, nicolae_shop_waterfront,
          chequers_decorated_corner, uniq_rupert, uniq_kirke
Lair:1:   layout_loops_ring, minmay_stone_trees_small, uniq_maggie
Lair:2:   layout_long_grid, spider_nest_entry_funnel_web, minivault_25,
          evilmike_ambush [evilmike_ambush_outer_basic,
          evilmike_ambush_inner_cross]
Lair:3:   layout_roguey, palyth_hydra_swamp_entry, grunt_megastairs_4,
          lemuel_fruit_fields
Lair:4:   layout_cave_pods, minmay_slime_entry_oklob_enclosed,
          grunt_megastairs_3, lemuel_fruit_fields, lemuel_fruit_tree,
          infiniplex_staircase_pool, uniq_josephine
Lair:5:   minmay_lair_end_frog_pond, layout_regular_city, basic_altar,
          nicolae_lair_yak_garden
Spider:1: layout_chambers, hellmonk_ghost_happy_afterlife
Spider:2: layout_cave_pods, nicolae_spider_cling_halls, uniq_azrael,
          uniq_roxanne
Spider:3: layout_spider_delve, uniq_nikola
Spider:4: grunt_spider_rune_parallel, nicolae_orb_island
Slime:1:  layout_caves, nicolae_slime_ancient_tower_intersection,
          nicolae_slime_barrier, cheibrodos_slime_lost_civilization_6

Skill      XL: |  1  2  3  4  5  6  7  8  9 10 11 12 13 14 15 16 |
---------------+-------------------------------------------------+-----
Axes           | 4 5 6 8 10 12 15 17 19 21 23 24 | 24.4
Fighting       | 4 5 6 7 8 9 10 11 13 14 15 17 | 17.3
Dodging        | 3 4 5 6 7 8 |  8.0
Stealth        | 1 2 3 4 |  4.2
Armour         | 3 5 6 8 9 11 12 14 15 16 | 16.3
Evocations     | 1 2 |  2.3
Shields        | 4 5 6 7 8 9 |  9.2

Action                   |  1- 3 |  4- 6 |  7- 9 | 10-12 | 13-15 | 16-18 || total
-------------------------+-------+-------+-------+-------+-------+-------++-------
Melee: Hand axe          |    66 |   110 |   102 |       |       |       ||   278
       Headbutt          |     7 |    18 |    37 |    51 |   164 |    60 ||   337
       Punch             |     1 |       |     3 |       |       |       ||     4
       Battleaxe         |       |       |   105 |   245 |   229 |       ||   579
       War axe           |       |       |    14 |       |       |       ||    14
       Executioner's axe |       |       |       |       |   582 |   282 ||   864
Invok: Berserk           |     1 |     1 |     4 |     9 |    15 |     8 ||    38
       Trog's Hand       |       |     1 |     1 |     1 |     1 |       ||     4
Evoke: Wand              |       |       |     2 |       |    10 |     7 ||    19
  Use: Scroll            |       |       |    13 |     6 |    24 |     2 ||    45
       Potion            |       |       |     3 |     3 |     4 |     3 ||    13
 Stab: Petrified         |       |       |       |       |     4 |       ||     4
Armor: Animal skin       |    16 |    39 |     7 |       |       |       ||    62
       Chain mail        |       |       |   180 |   210 |    66 |       ||   456
       Plate armour      |       |       |       |       |   405 |   143 ||   548
Dodge: Dodged            |    40 |    59 |   138 |   168 |   511 |   288 ||  1204
Block: Other             |       |       |       |    61 |   147 |    74 ||   282
       Reflection        |       |       |       |     2 |     5 |       ||     7
